 Dungeon Crawl Stone Soup version 0.31-a0-1603-gbec6b6ccbf (webtiles) character file.

Game seed: 11278809274550228138

17 jasper the Slasher (level 2, -3/24 HPs)
             Began as a Human Fighter on Jan 7, 2024.
             Succumbed to a kobold's poison
             ... on level 1 of the Dungeon.
             The game lasted 00:00:35 (526 turns).

jasper the Slasher (Human Fighter)                   Turns: 526, Time: 00:00:36

Health: -3/24      AC: 11    Str: 16    XL:     2   Next: 62%
Magic:  2/2        EV:  8    Int:  8    God:
Gold:   39         SH:  4    Dex: 12    Spells: 1/1 levels left

rFire   . . .        a - +0 long sword
rCold   . . .        c - +0 buckler
rNeg    . . .        b - +0 scale mail
rPois   .            (no helmet)
rElec   .            m - +0 cloak
rCorr   .            (no gloves)
SInv    .            (no boots)
Will    .....        (no amulet) Stlth
                     h - +4 ring of protection
HPRegen 0.24/turn    (no ring)
MPRegen 0.08/turn

%: no passive effects
@: lethally poisoned (-3 -> -20)
A: explore regen
a: no special abilities


You were on level 1 of the Dungeon.
You visited 1 branch of the dungeon, and saw 1 of its levels.

You collected 39 gold pieces.

Inventory:

Hand Weapons
 a - a +0 long sword (weapon)
Armour
 b - a +0 scale mail (worn)
 c - a +0 buckler (worn)
 m - a +0 cloak (worn)
Jewellery
 h - a +4 ring of protection (left hand)
 l - a +6 ring of strength
Scrolls
 e - 2 scrolls of teleportation {unknown}
 f - 4 scrolls of identify {unknown}
 k - a scroll of revelation {unknown}
Potions
 d - 2 potions of might
 g - a potion of mutation {unknown}
 i - a potion of berserk rage {unknown}
 j - a potion of brilliance {unknown}


   Skills:
 - Level 3.0 Fighting
 + Level 3.1 Long Blades
 - Level 3.0 Armour
 - Level 3.0 Shields


You had one spell level left.
You didn't know any spells.
Your spell library was empty.

Dungeon Overview and Level Annotations

Branches:
Dungeon (1/15)

Altars:


Innate Abilities, Weirdness & Mutations

You regain HP and MP as you explore.


Message History

You kill the dart slug!
You see here a +0 cloak.
m - a +0 cloak You start putting on your armour.
You continue putting on your +0 cloak. x4
You finish putting on your +0 cloak.
e - 2 scrolls labelled QUARUDAEBO (gained 1)
You now have 23 gold pieces (gained 14).
You now have 36 gold pieces (gained 13).
You now have 39 gold pieces (gained 3).
A kobold comes into view. It is wielding a +1 whip of venom.
The kobold shouts!
A kobold is nearby!
A kobold is nearby!
The kobold throws a stone.
The stone hits you but does no damage.
The kobold throws a stone.
The stone barely misses you. The kobold hits you but does no damage.
You are poisoned.
You completely miss the kobold.
You feel very sick. The kobold hits you but does no damage.
You are more poisoned.
You take 3 damage, and have 21/24 hp.
You closely miss the kobold.
You feel very sick. You block the kobold's attack.
The kobold hits you but does no damage.
You are lethally poisoned!
You take 5 damage, and have 16/24 hp.
MASSIVE DAMAGE!!
You closely miss the kobold.
You feel very sick.
The kobold hits you with a +1 whip of venom.
You are more poisoned.
You take 7 damage, and have 9/24 hp.
MASSIVE DAMAGE!!
You hit the kobold but do no damage.
* * * LOW HITPOINT WARNING * * *
You feel extremely sick. The kobold hits you but does no damage.
You take 7 damage, and have 2/24 hp.
MASSIVE DAMAGE!!
You hit the kobold.
The kobold is heavily wounded.
You die...

#).................#
#.#.###.###.#......#
#.#.#.....#.#......#
#.###.#.#.###.#....#
#.............#....#
..###.#.#.###......#
..#...#.#...#..#...#
..#.###.###.#.##...#
..............##@..#
#........)######K..#
#............###...#
.........#.........#
...................#
...................#
.....##.#.############
........#.# ##......##
........#.#
##........##


You could see a kobold.

Vanquished Creatures
  2 dart slugs (D:1)
  2 endoplasms (D:1)
  A giant cockroach (D:1)
  2 goblins (D:1)
  3 kobolds (D:1)
  A ball python (D:1)
  A frilled lizard (D:1)
12 creatures vanquished.

Notes
Turn   | Place    | Note
-------+----------+-------------------------------------------
     0 | D:1      | jasper the Human Fighter began the quest for the Orb.
     0 | D:1      | Reached XP level 1. HP: 18/18 MP: 1/1
    74 | D:1      | Reached XP level 2. HP: 24/24 MP: 2/2
   526 | D:1      | Succumbed to a kobold's poison

Illustrated notes

Levels and vault maps discovered:
D:1:      saegor_arrival_simple_e, layout_rooms, minmay_misc_feat_roman,
          nicolae_twisty_statue_hallways

Skill      XL: |  1  2 |
---------------+-------+-----
Long Blades    | 3 |  3.1
Fighting       | |  3.0
Armour         | |  3.0
Shields        | |  3.0

Action                     || total
---------------------------++-------
  Melee: Long sword        ||    37
 Armour: Scale mail        ||    27
  Dodge: Dodged            ||    18
  Block: Buckler           ||     4

Table legend: (Time is in decaauts)
 A = Elapsed time spent in this place.
 B = Non-inter-level travel time spent in this place.
 C = Inter-level travel time spent in this place.
 D = Time resting spent in this place.
 E = Time spent auto-exploring this place.
 F = Levels seen in this place.
 G = Mean time per level.
                   A        B        C        D        E       F      G
               +--------+--------+--------+--------+--------+-----+--------+
         Total |    536 |    536 |      0 |      0 |    409 |   1 |  536.0 |
       Dungeon |    536 |    536 |      0 |      0 |    409 |   1 |  536.0 |
               +--------+--------+--------+--------+--------+-----+--------+

Top non-repeatable levels by time:
     D:1: 536 daAuts
